 Dungeon Crawl Stone Soup version 0.31-a0-1001-g770356a28f (webtiles) character file.

Game seed: 382189509370212943

2102 BinkBink the Protected (level 9, -9/56 HPs)
             Began as a Gargoyle Fighter on Nov 8, 2023.
             Was an Elder of Jiyva.
             Killed from afar by Maggie (10 damage)
             ... with a bolt of fire
             ... on level 6 of the Dungeon.
             The game lasted 00:05:01 (3165 turns).

BinkBink the Protected (Gargoyle Fighter)           Turns: 3165, Time: 00:05:03

Health: -9/56      AC: 25    Str: 24    XL:     9   Next: 28%
Magic:  9/9        EV:  7    Int:  9    God:    Jiyva [****..]
Gold:   196        SH:  6    Dex: 15    Spells: 8/8 levels left

rFire   . . .        a - +0 war axe
rCold   + . .        c - +0 buckler
rNeg    + . .        n - +0 plate armour
rPois   ∞            (no helmet)
rElec   +            (no cloak)
rCorr   +            (no gloves)
SInv    .            (no boots)
Will    .....        (no amulet) Stlth
                     l - +6 ring of dexterity
HPRegen 1.57/turn    (no ring)
MPRegen 0.51/turn

%: no passive effects
@: mesmerised
A: sickness immunity, AC +6, negative energy resistance 1, electricity
resistance, torment resistance 1, petrification resistance, iridescent scales 1,
shaggy fur 3
a: Renounce Religion, Oozemancy, Slimify


You were on level 6 of the Dungeon.
You worshipped Jiyva.
Jiyva was greatly pleased with you.
You visited 1 branch of the dungeon, and saw 6 of its levels.

You collected 196 gold pieces.

Inventory:

Hand Weapons
 a - a +0 war axe (weapon)
Armour
 b - a +0 scale mail
 c - a +0 buckler (worn)
 j - a +0 chain mail
 n - a +0 plate armour (worn)
Jewellery
 l - a +6 ring of dexterity (left hand)
Wands
 r - a wand of charming (20)
Scrolls
 e - a scroll of blinking {unknown}
 g - 5 scrolls of teleportation {unknown}
 i - 3 scrolls of identify {unknown}
 o - a scroll of immolation {unknown}
 p - 2 scrolls of fear {unknown}
 s - a scroll of enchant armour {unknown}
 t - a scroll of summoning {unknown}
Potions
 d - 2 potions of might
 f - 2 potions of curing {unknown}
 h - a potion of resistance {unknown}
 k - a potion of attraction {unknown}
 m - a potion of degeneration {unknown}
 q - a potion of berserk rage {unknown}
 u - a potion of heal wounds {unknown}
 v - a potion of ambrosia {unknown}
 w - a potion of brilliance {unknown}


   Skills:
 + Level 6.7 Fighting
 + Level 5.1 Axes
 * Level 9.0 Armour
 + Level 6.6 Shields


You had 8 spell levels left.
You didn't know any spells.
Your spell library contained the following spells:

 Spells                   Type           Power      Damage    Failure   Level
 Apportation              Tloc           0%         N/A       99%         1
 Dazzling Flash           Conj/Hex       0%         N/A       100%        3
 Tukima's Dance           Hex            0%         N/A       100%        3
 Volatile Blastmotes      Fire/Tloc      0%         2d10      100%        3
 Dimensional Bullseye     Hex/Tloc       0%         N/A       100%        4
 Iskenderun's Mystic Bla  Conj/Tloc      0%         2d3       100%        4
 Starburst                Conj/Fire      0%         6d3       100%        6
 Maxwell's Capacitive Co  Air            0%         ∞         100%        8


Dungeon Overview and Level Annotations

Branches:
Dungeon (6/15)             Temple (0/1) D:4

Altars:
Gozag
Hepliaklqana
Qazlal
Sif Muna
Trog
Yredelemnul
The Shining One
Jiyva

Annotations:
D:3 2 transporters
D:6 Maggie


Innate Abilities, Weirdness & Mutations

You are immune to sickness and miasma.
Your stone body is resilient. (AC +6)
You are immune to poison.
You resist negative energy. (rN+)
You are resistant to electric shocks. (rElec)
You are resistant to unholy torment.
You are immune to petrification.
You are partially covered in iridescent scales. (AC +2)
Your thick and shaggy fur keeps you warm. (AC +3, rC+)


Message History

You barely miss Maggie.
Maggie is lightly wounded.
Maggie hits you with a +0 long sword.
The jelly hits Maggie.
Maggie is splashed with acid.
The acid corrodes Maggie!
You slash Maggie!
Maggie is moderately wounded.
Maggie mumbles some strange words.
Maggie draws you further into her thrall.
The jelly hits Maggie.
Maggie is splashed with acid.
You slash Maggie!
Maggie is heavily wounded.
Maggie hits you with a +0 long sword.
The jelly hits Maggie.
Maggie is splashed with acid.
Maggie seems to be corroded for longer.
The jelly hits Maggie.
Maggie is splashed with acid.
Maggie hits you but does no damage.
You hit Maggie.
Maggie is severely wounded.
Maggie hits you with a +0 long sword!
The jelly barely misses Maggie.
You are too injured to fight recklessly!
You are too injured to fight recklessly!
You are too injured to fight recklessly!
You are too injured to fight recklessly!
You hit Maggie.
Maggie is severely wounded.
Maggie hits you but does no damage.
The jelly barely misses Maggie.
You slash Maggie!
Maggie is almost dead.
Maggie hits you with a +0 long sword!
The jelly hits Maggie.
Maggie is splashed with acid.
You closely miss Maggie.
Maggie is almost dead.
Maggie hits you but does no damage.
You barely miss Maggie.
Maggie is almost dead.
Maggie points at you and mumbles some strange words.
The bolt of fire hits you!!
* * * LOW HITPOINT WARNING * * *
Maggie points at you and mumbles some strange words.
The bolt of fire hits you!
You die...

#..... ##....#
###.....## ## #.)......#
#.##........### #
..............# .#
#...........# ..#
##.........##...# . #
#......#.##@@...# #.#.
##....####.........
....###......##.........
............####J......#
........#.### ###......
)...##..#.#### ..###.
...##........# ..#
....#..#.....### ...
.......#.......##...


You could see Maggie (mesmerising, corroded) and a neutral jelly (wandering)
(fellow slime).

Vanquished Creatures
  6 yaks (D:5)
  Edmund (D:6)
  Duvessa (D:5)
  2 black bears
  An ogre (D:5)
  2 phantoms
  Dowan (D:5)
  3 hounds
  2 gnoll boudas (D:6)
  Natasha (D:4)
  2 iguanas
  17 gnolls
  3 adders
  2 shadow imps
  2 white imps
  2 ufetubi (D:5)
  2 worms
  3 dart slugs
  6 orcs (D:3)
  2 endoplasms (D:1)
  3 giant cockroaches
  3 goblins
  6 hobgoblins
  2 jackals (D:4)
  7 kobolds
  5 quokkas
  5 ball pythons
  4 bats
  3 frilled lizards
  7 rats
106 creatures vanquished.

Vanquished Creatures (others)
  An electric eel (D:3)
  2 jellies
  An orc priest (D:3)
  Natasha (twice) (D:4)
  3 adders
  4 orcs (D:3)
  2 endoplasms
  A giant cockroach (D:4)
  A goblin (D:4)
  5 hobgoblins
  A kobold (D:3)
  A frilled lizard (D:3)
24 creatures vanquished.

Grand Total: 130 creatures vanquished

Notes
Turn   | Place    | Note
-------+----------+-------------------------------------------
     0 | D:1      | BinkBink the Gargoyle Fighter began the quest for the Orb.
     0 | D:1      | Reached XP level 1. HP: 14/14 MP: 1/1
   137 | D:1      | Reached XP level 2. HP: 19/19 MP: 2/2
   214 | D:1      | Found a faded altar of an unknown god.
   229 | D:1      | Prayed at the altar of an unknown god.
   229 | D:1      | Became a worshipper of Jiyva Jajan the Shapeless
   229 | D:1      | Reached * piety under Jiyva
   573 | D:1      | Reached XP level 3. HP: 23/23 MP: 3/3
   629 | D:2      | Reached ** piety under Jiyva
   943 | D:2      | Reached skill level 4 in Armour
  1006 | D:2      | Reached XP level 4. HP: 29/29 MP: 4/4
  1180 | D:3      | Identified the "Asecw"
  1180 | D:3      | Identified the "Donkedu"
  1180 | D:3      | Found a transporter.
  1221 | D:3      | Found a basalt altar of Yredelemnul.
  1226 | D:3      | Found a transporter.
  1286 | D:3      | Reached XP level 5. HP: 29/33 MP: 5/5
  1393 | D:3      | Found a shimmering blue altar of Sif Muna.
  1414 | D:3      | Found a bloodstained altar of Trog.
  1446 | D:3      | Reached *** piety under Jiyva
  1859 | D:4      | Noticed a black bear
  1871 | D:4      | Killed a black bear
  1872 | D:4      | Reached skill level 5 in Armour
  1872 | D:4      | Reached XP level 6. HP: 28/39 MP: 6/6
  1883 | D:4      | Gained mutation: You are covered in fur. (AC +1) [Jiyva's
                  | grace]
  1883 | D:4      | Gained mutation: You are covered in thick fur. (AC +2)
                  | [Jiyva's grace]
  1883 | D:4      | Gained mutation: Your thick and shaggy fur keeps you warm.
                  | (AC +3, rC+) [Jiyva's grace]
  1883 | D:4      | Gained mutation: You are partially covered in iridescent
                  | scales. (AC +2) [Jiyva's grace]
  1905 | D:4      | Noticed Natasha
  1914 | D:4      | Killed Natasha
  2020 | D:4      | Found a staircase to the Ecumenical Temple.
  2142 | D:4      | You fall into a shaft and drop 1 floor!
  2142 | D:5      | Entered Level 5 of the Dungeon
  2142 | D:5      | Found a hazy altar of Hepliaklqana.
  2146 | D:5      | Reached **** piety under Jiyva
  2182 | D:5      | Noticed a yak
  2185 | D:5      | Noticed a yak
  2187 | D:5      | Noticed a yak
  2188 | D:5      | Noticed a yak
  2192 | D:5      | Noticed a yak
  2193 | D:5      | Noticed a yak
  2199 | D:5      | Killed a yak
  2200 | D:5      | Reached skill level 5 in Fighting
  2200 | D:5      | Reached skill level 6 in Armour
  2200 | D:5      | Reached XP level 7. HP: 34/44 MP: 7/7
  2208 | D:5      | Killed a yak
  2209 | D:5      | Reached skill level 5 in Shields
  2220 | D:5      | Killed a yak
  2221 | D:5      | Reached XP level 8. HP: 43/50 MP: 8/8
  2233 | D:5      | Killed a yak
  2234 | D:5      | Reached skill level 7 in Armour
  2240 | D:5      | Killed a yak
  2249 | D:5      | Killed a yak
  2284 | D:4      | Found a glowing golden altar of the Shining One.
  2287 | D:4      | Killed Natasha
  2351 | D:4      | Killed Natasha
  2532 | D:5      | Noticed Dowan
  2548 | D:5      | Noticed Duvessa
  2557 | D:5      | Killed Dowan
  2566 | D:5      | Killed Duvessa
  2567 | D:5      | Reached skill level 8 in Armour
  2892 | D:6      | Found an opulent altar of Gozag.
  2906 | D:6      | Reached XP level 9. HP: 56/56 MP: 9/9
  2918 | D:6      | Identified the +1 ring mail of a sewer {rN+ Int+3 Slay-3}
  2997 | D:6      | Reached skill level 5 in Axes
  3035 | D:6      | Noticed Edmund
  3061 | D:6      | Killed Edmund
  3103 | D:6      | Reached skill level 9 in Armour
  3115 | D:6      | Found a stormy altar of Qazlal.
  3150 | D:6      | Noticed Maggie
  3165 | D:6      | HP: 1/56 [Maggie/bolt of fire (24)]
  3165 | D:6      | Killed from afar by Maggie

Illustrated notes

Levels and vault maps discovered:
D:1:      roderic_dead_forest, layout_basic, hellmonk_ecumenical_altar_lost_god
D:2:      layout_basic, nicolae_titane
D:3:      gammafunk_steamed_eel, layout_loops_ring,
          nzn_overflow_gifts_of_might_and_magic, overflow_temple_1_default
D:4:      layout_cave_pools, kennysheep_mini_moat, minmay_temple_entry_arrows,
          uniq_natasha
D:5:      layout_rooms, lemuel_tele_altar, uniq_duvessa
D:6:      layout_cave_pools, lemuel_coloured_pillars_altar,
          mainiacjoe_overflow_tiny_flanked, overflow_temple_1_default,
          uniq_pikel, uniq_edmund, uniq_maggie

Skill      XL: |  1  2  3  4  5  6  7  8  9 |
---------------+----------------------------+-----
Axes           | 2 3 4 5 |  5.1
Armour         | 4 5 6 8 9 |  9.0
Fighting       | 4 5 6 |  6.7
Shields        | 4 5 6 |  6.6

Action                     |  1- 3 |  4- 6 |  7- 9 || total
---------------------------+-------+-------+-------++-------
  Melee: War axe           |    77 |   129 |   225 ||   431
 Armour: Scale mail        |    48 |       |       ||    48
         Chain mail        |    31 |     3 |       ||    34
         Plate armour      |       |   147 |   303 ||   450
  Dodge: Dodged            |    23 |    48 |   103 ||   174
  Block: Buckler           |    17 |    51 |    77 ||   145

Table legend: (Time is in decaauts)
 A = Elapsed time spent in this place.
 B = Non-inter-level travel time spent in this place.
 C = Inter-level travel time spent in this place.
 D = Time resting spent in this place.
 E = Time spent auto-exploring this place.
 F = Levels seen in this place.
 G = Mean time per level.
                   A        B        C        D        E       F      G
               +--------+--------+--------+--------+--------+-----+--------+
         Total |   3315 |   3190 |    125 |    109 |   2156 |   6 |  552.5 |
       Dungeon |   3315 |   3190 |    125 |    109 |   2156 |   6 |  552.5 |
               +--------+--------+--------+--------+--------+-----+--------+

Top non-repeatable levels by time:
     D:3: 704 daAuts
     D:2: 615 daAuts
     D:5: 609 daAuts
     D:1: 599 daAuts
     D:4: 486 daAuts
     D:6: 299 daAuts
